 Dungeon Crawl Stone Soup version 0.30-a0-341-g682706514a (webtiles) character file.

Game seed: 11061723754074260854

827 kae the Conjurer (level 7, -2/36 HPs)
             Began as a Tengu Fire Elementalist on Nov 4, 2022.
             Killed by an exploding Pikel (38 damage)
             ... ignited by their inner flame
             ... on level 4 of the Dungeon.
             The game lasted 00:04:30 (5627 turns).

kae the Conjurer (Tengu Fire Elementalist)          Turns: 5627, Time: 00:04:30

Health: -2/36      AC:  2    Str:  8    XL:     7   Next: 97%
Magic:  6/13       EV: 14    Int: 17    God:
Gold:   325        SH:  0    Dex: 15    Spells: 3/13 levels left

rFire   . . .      SeeInvis .    o - +1 short sword (venom)
rCold   + . .      Faith    .    (no shield)
rNeg    . . .      Spirit   .    a - +0 robe
rPois   .          Reflect  .    (helmet restricted)
rElec   .          Harm     .    (no cloak)
rCorr   .          Rampage  .    (no gloves)
Will    .....                    (boots unavailable)
Stlth   ++........               (no amulet)
HPRegen 0.26/turn                C - ring of protection from cold
MPRegen 0.13/turn                (no ring)

@: flying quickly and evasively, quick
A: beak, talons 3, nimble flight
a: no special abilities


You were on level 4 of the Dungeon.
You visited 1 branch of the dungeon, and saw 5 of its levels.

You collected 325 gold pieces.


Innate Abilities, Weirdness & Mutations

You have a beak for a mouth.
You have claws for feet.
Your magical nature lets you fly swiftly and evasively.


   Skills:
 - Level 2.1 Dodging
 - Level 2.0 Stealth
 + Level 3.8 Spellcasting
 * Level 7.1 Conjurations
 + Level 1.0 Hexes
 * Level 6.7 Fire Magic


You had 3 spell levels left.
You knew the following spells:

 Your Spells              Type           Power      Damage    Failure   Level
a - Foxfire               Conj/Fire      100%       2x1d9     1%          1
b - Scorch                Fire           52%        2d8       1%          2
c - Inner Flame           Hex/Fire       16%        N/A       10%         3
d - Flame Wave            Conj/Fire      26%        2d8       10%         4

Your spell library contained the following spells:

 Spells                   Type           Power      Damage    Failure   Level
 Kindle Blastsparks       Fire/Tloc/Air  20%        2d11      19%         3
 Sublimation of Blood     Necr           3%         N/A       24%         2
 Irradiate                Conj/Tmut      7%         3d14      71%         5
 Petrify                  Tmut/Erth      3%         N/A       85%         4

Inventory:

Hand Weapons
 o - a +1 short sword of venom (weapon)
   (You took it off a kobold on level 2 of the Dungeon)
Missiles
 d - 63 stones
 f - 3 silver javelins
 m - 2 poisoned darts
Armour
 a - a +0 robe (worn)
Jewellery
 C - a ring of protection from cold (left hand)
   (You found it on level 1 of the Dungeon)
 N - a ring of positive energy
   (You found it on level 3 of the Dungeon)
Scrolls
 e - 2 scrolls of blinking {!r}
 h - a scroll of identify {@r1}
 i - a scroll of teleportation {@r4}
 s - a scroll of poison {!r}
Potions
 b - a potion of magic
 c - a potion of heal wounds {@q2}
 g - 2 potions of haste {unknown}
 j - a potion of flight {unknown}
 k - 3 potions of attraction {!q}
 l - 2 potions of degeneration {unknown}
 n - 3 potions of brilliance {unknown}
 p - a potion of might {unknown}
 q - 3 potions of mutation {unknown}
 r - a potion of curing {unknown}

Dungeon Overview and Level Annotations

Branches:
Dungeon (5/15) Zot: 24513
 Temple: D:4-7

Altars:
Cheibriados
Kikubaaqudgha
Ru
Trog
Zin

##....##..##..##.....#
#.....######'###.....#
#..........#..##.....#
####...##...#...#.....#
.####'###...#...#.....#
..#....##..##..##.....#
..#....##..##..#####+##
..'..............§....#
..#...........§§@§....#
..##...######.§§§.....#
####...##..##.○##.....#
........#..##).##.....#
§.).....+.......#.....#
..###..##.......#.....#
..###..##.......#..<).#
...........######.....#
...........# #.....#


There were no monsters in sight!


Message History

Casting: Foxfire (safe; 1% risk of failure)
Confirm with . or Enter, or press ? or * to list all spells.
You conjure some foxfire!
The lemure shouts!
You hear a shout! 😕 HP[+1] MP[-1]
You lost 1 mp, and now have 12/13 mp.
There is an open door here. 😕 HP[+1] 😕 MP[+1]
Your mp is fully restored (13).
A lemure comes into view.
The lemure shouts! 😎 HP[+1]
Your hp is fully restored (36).
You see here a +0 club.
Casting: Foxfire (safe; 1% risk of failure)
Confirm with . or Enter, or press ? or * to list all spells.
You conjure some foxfire!
The foxfire hits the lemure.
The foxfire hits the lemure! 😎 MP[-1]
You lost 1 mp, and now have 12/13 mp.
Casting: Foxfire (safe; 1% risk of failure)
Confirm with . or Enter, or press ? or * to list all spells.
You conjure some foxfire!
The foxfire hits the lemure but does no damage.
The foxfire hits the lemure. 😎 MP[-1]
You lost 1 mp, and now have 11/13 mp.
Casting: Foxfire (safe; 1% risk of failure)
Confirm with . or Enter, or press ? or * to list all spells.
Flames lash the lemure.
You kill the lemure!
That felt strangely unrewarding. 😎 MP[-2]
You lost 2 mp, and now have 9/13 mp.
Done exploring. 😎 MP[+2]
You regained 2 mp, and now have 11/13 mp.
Done exploring.
Done exploring.
Done exploring.
Done exploring.
Unknown command.
You start resting. 😎 MP[+2]
Your mp is fully restored (13).
Done exploring.
Done exploring.
(D) Dungeon
Where to? (Enter - D:5, ? - help)
You see here a +0 club.
You see here a +0 short sword.
Pikel is nearby!
Casting: Scorch (safe; 1% risk of failure)
Confirm with . or Enter, or press ? or * to list all spells.
You conjure some foxfire!
Pikel shouts!
The foxfire hits Pikel. 😎 MP[-1]
You lost 1 mp, and now have 12/13 mp.
The foxfire hits Pikel but does no damage.
Casting: Foxfire (safe; 1% risk of failure)
Confirm with . or Enter, or press ? or * to list all spells.
You can't see any susceptible monsters within range! (Use Z to cast anyway.)
You see here a +0 short sword. 😎 MP[+1]
Your mp is fully restored (13).
You see here a +0 club.
Casting: Foxfire (safe; 1% risk of failure)
Confirm with . or Enter, or press ? or * to list all spells.
The spell is quite dangerous to miscast (10% risk of failure)!
Continue anyway? [Y]es or [N]o only, please.
The spell is quite dangerous to miscast (10% risk of failure)!
Continue anyway?
Aiming: Inner Flame (quite dangerous; 10% risk of failure)
Press: ? - help, Dir - move target, f - Pikel
Aim: Pikel, wielding a +2 whip of flaming and wearing a +2 robe of willpower (lightly wounded, chance to affect: 36%) Pikel is filled with an inner flame. 😎 MP[-3]
You lost 3 mp, and now have 10/13 mp.
Casting: Inner Flame (quite dangerous; 10% risk of failure)
Confirm with . or Enter, or press ? or * to list all spells.
You conjure some foxfire!
The foxfire hits Pikel.
Flame seeps out of Pikel.
Pikel is engulfed in blazing flames.
Flame seeps out of Pikel.
The foxfire hits Pikel but does no damage. 😎 MP[-1]
You lost 1 mp, and now have 9/13 mp.
Casting: Foxfire (safe; 1% risk of failure)
Confirm with . or Enter, or press ? or * to list all spells.
You conjure some foxfire!
The foxfire hits Pikel.
Flame seeps out of Pikel.
The foxfire hits Pikel.
Flame seeps out of Pikel.
Pikel is engulfed in blazing flames.
Flame seeps out of Pikel. 😎 MP[-1]
You lost 1 mp, and now have 8/13 mp.
Casting: Foxfire (safe; 1% risk of failure)
Confirm with . or Enter, or press ? or * to list all spells.
Flames lash Pikel.
The fiery explosion engulfs you!!!
Ouch! That really hurt!
You die...

Skill      XL: |  1  2  3  4  5  6  7 |
---------------+----------------------+-----
Conjurations   | 2 3 4 6 7 |  7.1
Fire Magic     | 4 5 6 |  6.7
Spellcasting   | 3 |  3.8
Hexes          | 1 |  1.0
Dodging        | |  2.1
Stealth        | |  2.0

Action                   |  1- 3 |  4- 6 |  7- 9 || total
-------------------------+-------+-------+-------++-------
Melee: Unarmed           |     6 |       |       ||     6
       Kick              |     3 |     2 |       ||     5
       Peck              |     1 |       |       ||     1
       Short sword       |       |     9 |       ||     9
 Cast: Foxfire           |    78 |   165 |    33 ||   276
       Scorch            |     3 |     8 |    10 ||    21
       Flame Wave        |       |     1 |     1 ||     2
       Inner Flame       |       |       |     2 ||     2
  Use: Scroll            |     5 |     3 |     2 ||    10
 Stab: Sleeping          |       |     2 |       ||     2
Armor: Robe              |     5 |    10 |     2 ||    17
Dodge: Dodged            |     7 |    58 |    29 ||    94

Levels and vault maps discovered:
D:1:      lightli_arrival_windingriver, layout_basic
D:2:      layout_basic, ebering_ecumenical_altar_webs
D:3:      minmay_goblin_kobold_castle, layout_basic,
          mainiacjoe_overflow_concentric_impassable, grunt_temple_overflow_open,
          serial_park_tiny_2
D:4:      layout_gridville, mainiacjoe_overflow_boulevard, uniq_pikel
D:5:      layout_basic, kennysheep_little_box, tso_oasis_becter,
          nrook_pool_corridor

Notes
Turn   | Place    | Note
-------+----------+-------------------------------------------
     0 | D:1      | kae the Tengu Fire Elementalist began the quest for the
                  | Orb.
     0 | D:1      | Reached XP level 1. HP: 10/10 MP: 4/4
     0 | D:1      | magus.rc [v1.11.3]
   247 | D:1      | Reached skill level 2 in Conjurations
   247 | D:1      | Reached XP level 2. HP: 15/15 MP: 0/6
   470 | D:1      | Reached XP level 3. HP: 19/19 MP: 0/7
   473 | D:1      | Learned a level 2 spell: Scorch
   477 | D:1      | Learned a level 3 spell: Inner Flame
  1170 | D:2      | Reached skill level 4 in Fire Magic
  1276 | D:2      | Reached skill level 3 in Conjurations
  1583 | D:2      | Found a faded altar of an unknown god.
  1620 | D:2      | Reached XP level 4. HP: 24/24 MP: 4/8
  1633 | D:2      | You pick up a book of Alchemy and begin reading...
  1633 | D:2      | You add the spells Sublimation of Blood, Petrify and
                  | Irradiate to your library.
  2119 | D:3      | Found a sacrificial altar of Ru.
  2275 | D:3      | Found a bloodstained altar of Trog.
  2277 | D:3      | Found an ancient bone altar of Kikubaaqudgha.
  2691 | D:3      | Reached skill level 4 in Conjurations
  2691 | D:3      | Gained mutation: Your magical nature lets you fly swiftly
                  | and evasively. [Tengu growth]
  2691 | D:3      | Reached XP level 5. HP: 22/28 MP: 6/10
  3185 | D:3      | Reached skill level 5 in Fire Magic
  3356 | D:3      | HP: 5/28 [gnoll/+0 flail (7)]
  3376 | D:3      | Reached XP level 6. HP: 10/32 MP: 3/11
  3729 | D:3      | Reached skill level 3 in Spellcasting
  3751 | D:3      | Learned a level 4 spell: Flame Wave
  3873 | D:4      | Reached skill level 5 in Conjurations
  4125 | D:4      | Found a glowing silver altar of Zin.
  4580 | D:4      | Reached skill level 6 in Conjurations
  4580 | D:4      | Reached XP level 7. HP: 22/36 MP: 4/13
  4586 | D:4      | Reached skill level 6 in Fire Magic
  4760 | D:4      | Noticed Pikel
  5038 | D:5      | Entered Level 5 of the Dungeon
  5338 | D:5      | Found a snail-covered altar of Cheibriados.
  5438 | D:5      | HP: 8/36 [black bear (4)]
  5442 | D:5      | Reached skill level 7 in Conjurations
  5442 | D:5      | Reached skill level 1 in Hexes
  5627 | D:4      | Killed Pikel
  5627 | D:4      | Killed by an exploding Pikel... ignited by their inner
                  | flame

Vanquished Creatures
  Pikel (D:4)
  A black bear (D:5)
  An ice beast (D:5)
  A lemure (D:4)
  A phantom (D:4)
  A scorpion (D:4)
  A jelly (D:5)
  A hound (D:4)
  A gnoll bouda (D:4)
  3 iguanas
  11 gnolls
  8 adders
  A shadow imp (D:4)
  2 worms
  3 dart slugs
  3 orcs
  3 bats
  5 endoplasms
  5 giant cockroaches
  32 goblins
  35 hobgoblins
  14 kobolds
  3 quokkas
  6 ball pythons
  A frilled lizard (D:1)
  2 rats
146 creatures vanquished.

Vanquished Creatures (collateral kills)
  A foxfire (D:4)
1 creature vanquished.

Vanquished Creatures (others)
  478 foxfires
  6 plants (D:4)
484 creatures vanquished.

Grand Total: 631 creatures vanquished

Table legend:
 A = Non-vault XP
 B = Vault XP
 C = Vault XP percentage of total XP
 D = Non-vault monster count
 E = Vault monster count
 F = Vault count percentage of total count
                 A         B        C        D         E       F
            +---------+---------+-------+---------+---------+-------
      Total |     986 |     767 |  43.8 |      84 |      61 |  42.1
            +---------+---------+-------+---------+---------+-------
        D:1 |      41 |       0 |   0.0 |      22 |       0 |   0.0
        D:2 |      67 |       0 |   0.0 |      17 |       0 |   0.0
        D:3 |      29 |     196 |  87.1 |      10 |      60 |  85.7
        D:4 |     445 |     571 |  56.2 |      27 |       1 |   3.6
        D:5 |     404 |       0 |   0.0 |       8 |       0 |   0.0
            +---------+---------+-------+---------+---------+-------

Illustrated notes

Table legend:
 A = Kills in this place as a percentage of kills in entire the game.
 B = Kills by you in this place as a percentage of kills by you in the entire game.
 C = Kills by friends in this place as a percentage of kills by friends in the entire game.
 D = Other kills in this place as a percentage of other kills in the entire game.
 E = Experience gained in this place as a percentage of experience gained in the entire game.
 F = Experience gained in this place divided by the number of levels of this place that you have seen.
                   A       B       C       D       E      F
               +-------+-------+-------+-------+-------+----------------------
         Total | 100.0 | 100.0 |   N/A |   N/A | 100.0 | 350.6
       Dungeon | 100.0 | 100.0 |   N/A |   N/A | 100.0 | 350.6
               +-------+-------+-------+-------+-------+----------------------

Table legend: (Time is in decaauts)
 A = Elapsed time spent in this place.
 B = Non-inter-level travel time spent in this place.
 C = Inter-level travel time spent in this place.
 D = Time resting spent in this place.
 E = Time spent auto-exploring this place.
 F = Levels seen in this place.
 G = Mean time per level.
                   A        B        C        D        E       F      G
               +--------+--------+--------+--------+--------+-----+--------+
         Total |   5486 |   5309 |    177 |     97 |   4187 |   5 | 1097.2 |
       Dungeon |   5486 |   5309 |    177 |     97 |   4187 |   5 | 1097.2 |
               +--------+--------+--------+--------+--------+-----+--------+

Top non-repeatable levels by time:
     D:3: 2014 daAuts
     D:4: 1191 daAuts
     D:1: 957 daAuts
     D:2: 920 daAuts
     D:5: 402 daAuts
